 Dungeon Crawl Stone Soup version 0.31-a0-986-g5e6e4ef867 (webtiles) character file.

Game seed: 3998812344687868930

13587 Tauromancer the Thaumaturge (level 12, -1/68 HPs)
             Began as a Gargoyle Earth Elementalist on Nov 16, 2023.
             Was an Elder of Makhleb.
             Slain by a minotaur
             ... wielding the +0 mace of the Scorching Gods {flame, rF+ Will+ rCorr Int+3}
              (8 damage)
             ... in a Gauntlet.
             The game lasted 02:06:37 (12316 turns).

Tauromancer the Thaumaturge (GrEE)                 Turns: 12316, Time: 02:06:37

Health: -1/68      AC: 21    Str: 13    XL:     12   Next: 7%
Magic:  28/31      EV: 28    Int: 20    God:    Makhleb [****..]
Gold:   546        SH:  0    Dex: 10    Spells: 5/28 levels left

rFire   . . .        b - +5 morningstar of Righteous Fury {flame, rF+ Will+}
rCold   + . .        (no shield)
rNeg    + . .        K - +2 robe {rC+}
rPois   ∞            m - +0 helmet
rElec   +            G - +1 cloak {Stlth+}
rCorr   +            j - +2 pair of gloves
SInv    .            i - +1 pair of boots {rampage}
Will    +....        k - amulet of the acrobat
Stlth   +++          H - ring of resist corrosion
HPRegen 0.31/turn    v - ring of magical power
MPRegen 0.22/turn

%: no teleportation, acrobat, clarity, rampage
@: acrobatic
A: sickness immunity, AC +8, negative energy resistance 1, electricity
resistance, torment resistance 1, petrification resistance, clarity, low MP 1,
wild magic 1, heat vulnerability 1
a: Renounce Religion, Minor Destruction, Lesser Servant of Makhleb, Major
Destruction


You were in a Gauntlet.
You worshipped Makhleb.
Makhleb was greatly pleased with you.
You visited 1 branch of the dungeon, and saw 11 of its levels.
You also visited: Gauntlet.

You collected 546 gold pieces.

Inventory:

Hand Weapons
 a - the +6 shillelagh "Devastator" {shatter}
   (You found it on level 5 of the Dungeon)
 b - the +5 morningstar of Righteous Fury (weapon) {flame, rF+ Will+}
   (You found it on level 2 of the Dungeon)

   rF+:       It protects you from fire.
   Will+:     It increases your willpower.
 F - the +8 mace of Hacvuof {speed, Str+2}
   (You found it on level 5 of the Dungeon)

   Str+2:     It affects your strength (+2).
Armour
 i - a +1 pair of boots of rampaging (worn)
 j - a +2 pair of gloves (worn)
 m - a +0 helmet (worn)
 G - a +1 cloak of stealth (worn)
 K - a +2 robe of cold resistance (worn)
Magical Staves
 D - a staff of earth
Jewellery
 k - an amulet of the acrobat (around neck)
 v - a ring of magical power (right hand)
 x - a ring of protection from fire
 B - an amulet of magic regeneration
 H - a ring of resist corrosion (left hand)
 I - a ring of resist corrosion
Wands
 c - a wand of mindburst (12)
 d - a wand of polymorph (5)
 h - a wand of roots (15)
 u - a wand of charming (12)
 w - a wand of digging (6)
 E - a wand of flame (23)
Scrolls
 f - 7 scrolls of teleportation
 l - a scroll of summoning
 o - a scroll of immolation
 q - 2 scrolls of revelation
 r - 3 scrolls of fog {unknown}
 y - a scroll of vulnerability
 J - 2 scrolls of identify
Potions
 g - 2 potions of invisibility
 n - a potion of might
 p - 2 potions of enlightenment
 s - a potion of experience {unknown}
 t - 3 potions of resistance
 z - 2 potions of magic
 A - 3 potions of curing
 C - a potion of brilliance {unknown}
Miscellaneous
 e - a lightning rod (3/4)


   Skills:
 - Level 5.0 Fighting
 + Level 7.4(7.7) Maces & Flails
 - Level 3.3(5.8) Staves
 - Level 1.2 Armour
 + Level 6.1 Dodging
 - Level 3.0 Stealth
 + Level 8.6 Spellcasting
 - Level 6.0 Conjurations
 + Level 0.9 Hexes
 + Level 4.6 Transmutations
 - Level 7.0 Earth Magic
 - Level 2.2 Invocations
 - Level 6.0 Evocations


You had 5 spell levels left.
You knew the following spells:

 Your Spells              Type           Power      Damage    Failure   Level
a - Sandblast             Erth           94%        2d19      1%          1
b - Stone Arrow           Conj/Erth      90%        3d12      3%          3
c - Summon Small Mammal   Summ           44%        N/A       13%         1
d - Passwall              Tmut/Erth      34%        N/A       2%          2
e - Petrify               Tmut/Erth      41%        N/A       12%         4
f - Brom's Barrelling Bo  Conj/Erth      45%        2d6       9%          4
g - Summon Guardian Gole  Hex/Summ       13%        N/A       28%         3
h - Lee's Rapid Deconstr  Erth           23%        3d13*     19%         5

Your spell library contained the following spells:

 Spells                   Type           Power      Damage    Failure   Level
 Foxfire                  Conj/Fire      100%       2x1d9     4%          1
 Kiss of Death            Conj/Necr      100%       2d13      4%          1
 Confusing Touch          Hex            16%        N/A       22%         3
 Leda's Liquefaction      Hex/Erth       15%        N/A       22%         4
 Call Canine Familiar     Summ           11%        N/A       32%         3
 Frozen Ramparts          Ice            22%        1d4       32%         3
 Dispel Undead            Necr           11%        3d9       71%         4
 Metabolic Englaciation   Hex/Ice        6%         N/A       92%         5
 Bombard                  Conj/Erth      22%        9d4       73%         6
 Starburst                Conj/Fire      13%        6d5       99%         6
 Death Channel            Necr           5%         N/A       100%        6
 Plasma Beam              Fire/Air       5%         2x1d16    100%        6
 Cigotuvi's Dreadful Rot  Necr/Pois/Air  Unusable   N/A       N/A         2

Dungeon Overview and Level Annotations

Branches:
Dungeon (11/15)            Temple (0/1) D:6            Lair (0/5) D:8
    Orc (0/2) D:11        Gauntlet (1/1)

Altars:
Ashenzari
Makhleb
Sif Muna
Vehumet
Xom

Annotations:
D:5 2 runed translucent doors Gauntlet 6 transporters


Innate Abilities, Weirdness & Mutations

You are immune to sickness and miasma.
Your stone body is resilient. (AC +8)
You are immune to poison.
You resist negative energy. (rN+)
You are resistant to electric shocks. (rElec)
You are resistant to unholy torment.
You are immune to petrification.
You possess an exceptional clarity of mind.
Your magical capacity is low. (-10% MP)
Your spells are a little harder to cast, but a little more powerful.
You are vulnerable to heat. (rF-)


Message History

The minotaur furiously retaliates!
The minotaur headbutts your ynoxinul!
The minotaur throws a silver javelin.
The silver javelin pierces through you!!
The silver sears you!
Okay, then.
Casting: Brom's Barrelling Boulder (dangerous; 9% risk of failure)
Confirm with . or Enter, or press ? or * to list all spells.
Aiming: Brom's Barrelling Boulder (dangerous; 9% risk of failure)
Press: ? - help, Dir - move target, f - minotaur
Aim: a minotaur, wielding the +0 mace of the Scorching Gods {flame, rF+ Will+ rCorr Int+3}, wearing a +0 plate armour and quivering silver javelins (ally target, 100% to hit)
You send a boulder barrelling forward!
Your ynoxinul hits the minotaur but does no damage.
The minotaur hits your boulder with the +0 mace of the Scorching Gods {flame, rF+ Will+ rCorr Int+3}!
The minotaur burns your boulder. The minotaur gores your boulder!
Okay, then.
Aiming: Thunderbolt
Press: ? - help, Shift-Dir - straight line, f/p - minotaur
Aim: a minotaur, wielding the +0 mace of the Scorching Gods {flame, rF+ Will+ rCorr Int+3}, wearing a +0 plate armour and quivering silver javelins (ally target)
Okay, then.
Aiming: Thunderbolt
Press: ? - help, Shift-Dir - straight line, f/p - minotaur
Aim: a minotaur, wielding the +0 mace of the Scorching Gods {flame, rF+ Will+ rCorr Int+3}, wearing a +0 plate armour and quivering silver javelins (ally target)
The thunderbolt hits your boulder.
Your boulder resists.
Your boulder is almost destroyed.
The thunderbolt hits the minotaur.
The minotaur is lightly wounded.
The boulder barrels into the minotaur!
The minotaur is lightly wounded.
Your boulder is destroyed!
Your ynoxinul closely misses the minotaur.
The minotaur furiously retaliates!
The minotaur headbutts your ynoxinul!
A demon appears!
Your ynoxinul hits the minotaur.
The minotaur hits you with the +0 mace of the Scorching Gods {flame, rF+ Will+ rCorr Int+3}!
The minotaur burns you. The minotaur barely misses you.
The minotaur attacks as it pursues you!
The minotaur hits you with the +0 mace of the Scorching Gods {flame, rF+ Will+ rCorr Int+3}!
* * * LOW HITPOINT WARNING * * *
The minotaur burns you!
You die...

.#...#.≈##...#
##.###.###.8.##. #.#
...#§#..##...... #.#
####.#...#.8.##.##.# #
.....#.∩.#...##....#.#
######...#.©.##.##.#.#
.#.....8.#......##3'.
######...#.©.##.##.#
....t#.∩.#...##3@H.#
##..##...#.8.##.##.#
#..###..##......##.#
.©##©#.###.8.##.##.#
=#. #...##....#
#.8.####### . #...# ##
##### ..


You could see a minotaur (ally target) and a friendly neqoxec (summoned).

Vanquished Creatures
  2 two-headed ogres
  A thrashing horror (Gauntlet)
  A wolf spider zombie (D:9)
  Maurice (D:8)
  Joseph (D:10)
  2 centaur skeletons (D:9)
  A komodo dragon (D:8)
  A queen bee (Gauntlet)
  Prince Ribbit (D:5)
  2 slime creatures (Gauntlet)
  11 yaks
  A shadow (D:6)
  Eustachio (D:6)
  2 wraiths
  2 steam dragons
  3 vampire mosquitoes (D:11)
  An acid dragon (D:10)
  A water moccasin (D:6)
  4 black bears
  2 sky beasts
  3 orc warriors
  3 ice beasts
  4 ogres
  5 centaurs
  2 phantoms
  A kobold brigand (D:7)
  4 bullfrogs
  2 gnoll sergeants
  5 scorpions
  12 killer bees
  3 howler monkeys
  8 jellies
  5 hounds
  6 orc priests
  Ijyb (D:5)
  5 iguanas
  12 orc wizards
  A boggart zombie (D:9)
  19 gnolls
  7 adders
  A shadow imp (D:7)
  3 white imps
  7 ufetubi
  A worm (D:3)
  3 dart slugs
  41 orcs
  5 endoplasms
  2 giant cockroaches (D:2)
  4 goblins
  13 hobgoblins
  15 jackals
  20 kobolds
  3 quokkas
  8 ball pythons
  5 bats
  5 frilled lizards
  5 rats
290 creatures vanquished.

Vanquished Creatures (collateral kills)
  Pikel (D:6)
  An acid dragon (D:5)
  A black bear (D:5)
  An orc warrior (D:7)
  2 ice beasts (D:5)
  A kobold brigand (D:5)
  A gnoll sergeant (D:5)
  3 small abominations (Gauntlet)
  A killer bee (Gauntlet)
  An orc priest (D:7)
  Crazy Yiuf (D:5)
  An orc wizard (D:7)
  An ufetubus (D:7)
  3 orcs
  A bat (D:3)
  A kobold (D:5)
  A rat (D:3)
  18 boulders
40 creatures vanquished.

Vanquished Creatures (others)
  21 boulders
21 creatures vanquished.

Grand Total: 351 creatures vanquished

Notes
Turn   | Place    | Note
-------+----------+-------------------------------------------
     0 | D:1      | Tauromancer the Gargoyle Earth Elementalist began the quest
                  | for the Orb.
     0 | D:1      | Reached XP level 1. HP: 10/10 MP: 3/3
   271 | D:1      | Reached XP level 2. HP: 15/15 MP: 5/5
   281 | D:1      | Found a faded altar of an unknown god.
   471 | D:1      | Prayed at the altar of an unknown god.
   471 | D:1      | Became a worshipper of Makhleb the Destroyer
   471 | D:1      | Reached * piety under Makhleb
   534 | D:1      | Reached XP level 3. HP: 20/20 MP: 6/6
   538 | D:1      | Learned a level 3 spell: Stone Arrow
   951 | D:2      | Reached skill level 1 in Fighting
   955 | D:2      | Reached skill level 1 in Armour
  1181 | D:2      | Reached XP level 4. HP: 25/25 MP: 4/7
  1314 | D:2      | Identified the +5 morningstar of Righteous Fury {flame, rF+
                  | Will+}
  1320 | D:2      | Reached ** piety under Makhleb
  1653 | D:2      | Reached skill level 1 in Transmutations
  1933 | D:3      | Reached XP level 5. HP: 28/29 MP: 9/9
  2115 | D:3      | Reached skill level 1 in Maces & Flails
  2358 | D:3      | Learned a level 1 spell: Summon Small Mammal
  2457 | D:3      | Reached skill level 3 in Spellcasting
  2457 | D:3      | Reached XP level 6. HP: 19/36 MP: 10/10
  2604 | D:3      | Reached *** piety under Makhleb
  3193 | D:4      | Reached XP level 7. HP: 40/40 MP: 11/11
  3203 | D:4      | Reached skill level 5 in Earth Magic
  3909 | D:5      | Entered Level 5 of the Dungeon
  3958 | D:5      | Found a large runed translucent door.
  3958 | D:5      | Found a large runed translucent door.
  4141 | D:5      | Found a large runed translucent door.
  4142 | D:5      | Found a large runed translucent door.
  4142 | D:5      | Found a shimmering altar of Xom.
  4151 | D:5      | Reached skill level 1 in Conjurations
  4155 | D:5      | Noticed Ijyb
  4159 | D:5      | Reached skill level 1 in Invocations
  4350 | D:5      | Found a large runed translucent door.
  4350 | D:5      | Found a large runed translucent door.
  4379 | D:5      | Reached skill level 4 in Spellcasting
  4379 | D:5      | Reached XP level 8. HP: 43/46 MP: 14/14
  4412 | D:5      | Noticed Prince Ribbit
  4413 | D:5      | Found a radiant altar of Vehumet.
  4418 | D:5      | Killed Prince Ribbit
  4419 | D:5      | Reached skill level 1 in Staves
  4419 | D:5      | Reached skill level 1 in Evocations
  4586 | D:5      | Noticed a yak
  4628 | D:5      | Killed a yak
  4804 | D:5      | Found a runed translucent door.
  4804 | D:5      | Found the +6 shillelagh "Devastator" {shatter}
  4827 | D:5      | Reached XP level 9. HP: 47/50 MP: 16/16
  4843 | D:5      | Identified the +4 great sword of Collusion {freeze, Stlth+}
  4897 | D:5      | Identified the +8 mace of Hacvuof {speed, Str+2}
  4950 | D:5      | Killed Ijyb
  5341 | D:5      | Noticed Crazy Yiuf
  5451 | D:5      | Reached skill level 5 in Spellcasting
  5747 | D:5      | Killed Crazy Yiuf
  5765 | D:5      | Learned a level 2 spell: Passwall
  5770 | D:5      | Learned a level 4 spell: Petrify
  5775 | D:5      | Learned a level 4 spell: Brom's Barrelling Boulder
  6305 | D:6      | Reached **** piety under Makhleb
  6520 | D:6      | Reached XP level 10. HP: 56/56 MP: 18/18
  6605 | D:6      | Noticed Eustachio
  6613 | D:6      | Killed Eustachio
  6619 | D:6      | Reached skill level 5 in Dodging
  6912 | D:6      | Found a staircase to the Ecumenical Temple.
  6912 | D:6      | Noticed Pikel
  6924 | D:6      | Killed Pikel
  6925 | D:6      | Reached skill level 6 in Spellcasting
  7177 | D:3      | Gained mutation: You are robust. (+10% HP) [potion of
                  | mutation]
  7177 | D:3      | Gained mutation: You are vulnerable to heat. (rF-) [potion
                  | of mutation]
  7177 | D:3      | Gained mutation: You have hidden genetic potential. [potion
                  | of mutation]
  7387 | D:7      | Noticed a two-headed ogre
  7393 | D:7      | Killed a two-headed ogre
  7394 | D:7      | Reached skill level 5 in Maces & Flails
  8009 | D:7      | Found a broken altar of Ashenzari.
  8025 | D:7      | Reached skill level 5 in Evocations
  8528 | D:8      | Noticed Maurice
  8541 | D:8      | Maurice stole the +5 morningstar of Righteous Fury {flame,
                  | rF+ Will+}
  8542 | D:8      | Reached skill level 7 in Spellcasting
  8542 | D:8      | Killed Maurice
  8549 | D:8      | Reached XP level 11. HP: 66/66 MP: 21/21
  9090 | D:8      | Found a staircase to the Lair.
  9649 | D:9      | Identified the of Levaus
  9649 | D:9      | Identified the "Molauhom"
  9649 | D:9      | Identified the "Izxa"
  9712 | D:9      | Found a shimmering blue altar of Sif Muna.
  9717 | D:9      | Learned a level 3 spell: Summon Guardian Golem
 10247 | D:9      | Reached ***** piety under Makhleb
 10377 | D:9      | Reached skill level 8 in Spellcasting
 10383 | D:9      | Reached skill level 5 in Conjurations
 10414 | D:9      | Lost mutation: You are robust. (+10% HP) [a neqoxec]
 10416 | D:9      | Gained mutation: Potions are less effective at restoring
                  | your health. [a neqoxec]
 10420 | D:10     | Entered Level 10 of the Dungeon
 10581 | D:10     | Noticed Joseph
 10595 | D:10     | Killed Joseph
 10821 | D:10     | Lost mutation: You have hidden genetic potential. [potion
                  | of mutation]
 10821 | D:10     | Lost mutation: Potions are less effective at restoring your
                  | health. [potion of mutation]
 10821 | D:10     | Gained mutation: Your magical capacity is low. (-10% MP)
                  | [potion of mutation]
 10821 | D:10     | Gained mutation: You possess an exceptional clarity of
                  | mind. [potion of mutation]
 10821 | D:10     | Gained mutation: Your spells are a little harder to cast,
                  | but a little more powerful. [potion of mutation]
 11477 | D:11     | Noticed a boulder beetle
 11477 | D:11     | Noticed a boulder beetle
 11616 | D:11     | Found a staircase to the Orcish Mines.
 11616 | D:11     | Noticed a two-headed ogre
 11627 | D:11     | Killed a two-headed ogre
 11628 | D:11     | Reached skill level 5 in Fighting
 11726 | D:11     | Found a gate leading to a gauntlet.
 11736 | Gauntlet | Entered a Gauntlet
 11736 | Gauntlet | Found a transporter.
 11736 | Gauntlet | Found a transporter.
 11738 | Gauntlet | Found a transporter.
 11738 | Gauntlet | Found a transporter.
 11738 | Gauntlet | Noticed a sixfirhy
 11742 | Gauntlet | Found a transporter.
 11742 | Gauntlet | Found a transporter.
 11856 | Gauntlet | Noticed a necromancer
 11867 | Gauntlet | Found a transporter.
 11867 | Gauntlet | Found a transporter.
 11920 | Gauntlet | Reached XP level 12. HP: 68/68 MP: 1/22
 11926 | Gauntlet | Learned a level 5 spell: Lee's Rapid Deconstruction
 12055 | Gauntlet | Noticed a thrashing horror
 12085 | Gauntlet | Found a transporter.
 12085 | Gauntlet | Found a transporter.
 12128 | Gauntlet | Found a runed translucent door.
 12129 | Gauntlet | Found a transporter.
 12198 | Gauntlet | Killed a thrashing horror
 12290 | Gauntlet | Found a transporter.
 12309 | Gauntlet | Identified the +0 mace of the Scorching Gods {flame, rF+
                  | Will+ rCorr Int+3}
 12309 | Gauntlet | Noticed a minotaur
 12316 | Gauntlet | Slain by a minotaur

Illustrated notes

Levels and vault maps discovered:
D:1:      mainiacjoe_arrival_oval_in_oval, layout_loops_ring,
          ebering_ecumenical_altar_sacrificial
D:2:      minmay_general_purpose_star, layout_loops_ring, minmay_tetromino_l2
D:3:      corexii_shack_village, layout_rooms
D:4:      layout_basic
D:5:      due_chaos_kobolds, layout_basic, mainiacjoe_overflow_alcove_4,
          minmay_hollow_rounded_squares, uniq_ijyb, uniq_crazy_yiuf_cottage,
          uniq_prince_ribbit1
D:6:      layout_loops_ring, minmay_temple_entry_hall, st_stairs_7,
          dreamdust_mushroom_princess, wad_rectangle_vault, uniq_pikel,
          uniq_eustachio
D:7:      minmay_skewed_foursquare, layout_basic, mainiacjoe_overflow_paths
D:8:      layout_loops_corners, david_lair_shrubbed, uniq_maurice
D:9:      layout_irregular_city, nicolae_sif_muna_little_library,
          hellmonk_guarded_unrand_cigotuvi
D:10:     layout_rooms, nicolae_houndstooth_variations, uniq_joseph
D:11:     layout_loops_ring, david_orc_3, gauntlet_entry_generic
Gauntlet: minmay_gauntlet_77_indecision [minmay_gauntlet_arena_77_braids,
          minmay_gauntlet_arena_77_hold_the_fort,
          minmay_gauntlet_arena_77_chump_sandwich,
          minmay_gauntlet_arena_77_squiggly, minmay_gauntlet_arena_77_path,
          minmay_gauntlet_arena_77_two_lines, gauntlet_exit_watery]

Skill      XL: |  1  2  3  4  5  6  7  8  9 10 11 |
---------------+----------------------------------+-----
Earth Magic    | 4 5 7 |  7.0
Fighting       | 1 2 3 5 |  5.0
Armour         | 1 |  1.2
Stealth        | 3 |  3.0
Transmutations | 1 2 3 4 |  4.6
Maces & Flails | 1 2 3 6 7 |  7.4
Dodging        | 2 3 4 5 6 |  6.1
Spellcasting   | 3 4 5 7 8 |  8.6
Conjurations   | 2 3 4 6 |  6.0
Invocations    | 2 |  2.2
Staves         | 2 3 |  3.3
Evocations     | 2 3 5 6 |  6.0
Hexes          | |  0.9

Action                     |  1- 3 |  4- 6 |  7- 9 | 10-12 || total
---------------------------+-------+-------+-------+-------++-------
  Melee: Quarterstaff      |    60 |     7 |       |       ||    67
         Morningstar       |       |    85 |    37 |    17 ||   139
         Punch             |       |     1 |       |     4 ||     5
         Shillelagh        |       |       |    16 |   253 ||   269
         Staff             |       |       |    14 |       ||    14
   Cast: Sandblast         |    35 |    39 |    68 |     3 ||   145
         Summon Small Mamm |       |     4 |       |       ||     4
         Stone Arrow       |       |     8 |    39 |    23 ||    70
         Brom's Barrelling |       |       |       |    53 ||    53
         Petrify           |       |       |       |     9 ||     9
         Summon Guardian G |       |       |       |     2 ||     2
 Invoke: Lesser Servant of |       |       |     8 |    17 ||    25
         Major Destruction |       |       |       |     1 ||     1
  Evoke: Wand              |       |       |       |     7 ||     7
         Lightning rod     |       |       |       |     1 ||     1
    Use: Scroll            |     2 |     4 |     6 |     8 ||    20
         Potion            |       |     1 |       |    11 ||    12
   Stab: Sleeping          |     2 |     7 |       |     2 ||    11
         Petrified         |       |       |       |     3 ||     3
 Armour: Leather armour    |    19 |       |       |       ||    19
         Robe              |    20 |    71 |   118 |   265 ||   474
         Chain mail        |     3 |       |       |       ||     3
         Skin              |     1 |       |       |       ||     1
  Dodge: Dodged            |    56 |   105 |   141 |   299 ||   601
         Form:             |       |       |       |     1 ||     1
         Maw               |       |       |       |     1 ||     1

Table legend: (Time is in decaauts)
 A = Elapsed time spent in this place.
 B = Non-inter-level travel time spent in this place.
 C = Inter-level travel time spent in this place.
 D = Time resting spent in this place.
 E = Time spent auto-exploring this place.
 F = Levels seen in this place.
 G = Mean time per level.
                   A        B        C        D        E       F      G
               +--------+--------+--------+--------+--------+-----+--------+
         Total |  12422 |  11728 |    694 |   1578 |   7646 |  12 | 1035.2 |
       Dungeon |  11844 |  11150 |    694 |   1507 |   7429 |  11 | 1076.7 |
      Gauntlet |    577 |    577 |      0 |     71 |    217 |   1 |  577.0 |
               +--------+--------+--------+--------+--------+-----+--------+

Top non-repeatable levels by time:
     D:5: 2071 daAuts
     D:8: 1322 daAuts
     D:6: 1266 daAuts
     D:3: 1127 daAuts
     D:4: 1068 daAuts
     D:2: 993 daAuts
     D:7: 991 daAuts
     D:1: 925 daAuts
     D:9: 924 daAuts
    D:10: 898 daAuts
Gauntlet: 577 daAuts
    D:11: 255 daAuts
